 Dungeon Crawl Stone Soup version 0.27-a0-1500-g450c7e4133 (webtiles) character file.

Game seed: 12943713104792613193

81 hatdisgam the Shield-Bearer (level 4, -3/41 HPs)
             Began as a Gnoll Fighter on July 7, 2021.
             Slain by an ogre (9 damage)
             ... on level 3 of the Dungeon.
             The game lasted 00:02:08 (1923 turns).

hatdisgam the Shield-Bearer (Gnoll Fighter)         Turns: 1923, Time: 00:02:08

Health: -3/41      AC:  9    Str: 15    XL:     4   Next: 42%
Magic:  5/5        EV:  8    Int:  9    God:
Gold:   127        SH: 10    Dex: 11    Spells: 5/5 levels left

rFire    . . .     SeeInvis .   a - +0 war axe
rCold    . . .     Faith    .   c - +0 kite shield
rNeg     . . .     Spirit   .   b - +0 scale mail
rPois    .         Reflect  .   (no helmet)
rElec    .         Harm     .   k - +0 cloak
rCorr    .         Rampage  .   (no gloves)
Will     .....                  (no boots)
Stlth    ..........             (no amulet)
HPRegen  0.13/turn              g - ring of flight
MPRegen  0.09/turn              (no ring)

@: flying
A: fangs 1, strong nose, distributed training
a: no special abilities


You were on level 3 of the Dungeon.
You visited 1 branch of the dungeon, and saw 3 of its levels.

You collected 127 gold pieces.

Inventory:

Hand Weapons
 a - a +0 war axe (weapon)
Armour
 b - a +0 scale mail (worn)
 c - a +0 kite shield (worn)
 k - a +0 cloak (worn)
Jewellery
 g - a ring of flight (left hand)
Scrolls
 e - 4 scrolls of identify {unknown}
 f - a scroll of enchant armour {unknown}
 i - a scroll of magic mapping {unknown}
 l - a scroll of holy word {unknown}
 m - a scroll of enchant weapon {unknown}
 o - a scroll of fog {unknown}
 r - 2 scrolls of fear {unknown}
Potions
 d - a potion of might
 h - a potion of cancellation {unknown}
 j - a potion of berserk rage {unknown}
 n - a potion of curing {unknown}
 p - a potion of ambrosia {unknown}
 q - 2 potions of degeneration {unknown}
 s - 2 potions of haste {unknown}
 t - a potion of magic {unknown}


   Skills:
 + Level 6.6 Fighting
 + Level 1.1 Short Blades
 + Level 1.1 Long Blades
 + Level 4.6 Axes
 + Level 1.1 Maces & Flails
 + Level 1.1 Polearms
 + Level 1.1 Staves
 + Level 1.1 Slings
 + Level 1.1 Bows
 + Level 1.1 Crossbows
 + Level 1.1 Throwing
 + Level 6.6 Armour
 + Level 1.1 Dodging
 + Level 1.1 Stealth
 + Level 6.6 Shields
 + Level 1.1 Unarmed Combat
 + Level 1.1 Spellcasting
 + Level 0.9 Conjurations
 + Level 0.9 Hexes
 + Level 0.9 Summonings
 + Level 0.9 Necromancy
 + Level 0.9 Translocations
 + Level 0.9 Transmutations
 + Level 0.9 Fire Magic
 + Level 0.9 Ice Magic
 + Level 0.9 Air Magic
 + Level 0.9 Earth Magic
 + Level 0.9 Poison Magic
 + Level 1.2 Invocations
 + Level 1.1 Evocations


You had 5 spell levels left.
You didn't know any spells.
Your spell library contained the following spells:

 Spells                   Type           Power      Damage    Failure   Level
 Gell's Gravitas          Tloc           1%         N/A       100%        3
 Lesser Beckoning         Tloc           1%         N/A       100%        3
 Teleport Other           Tloc           2%         N/A       100%        3


Dungeon Overview and Level Annotations

Branches:
Dungeon (3/15)

Altars:


Innate Abilities, Weirdness & Mutations

You have very sharp teeth.
Your uncanny sense of smell can sniff out nearby items.
Your experience applies equally to all skills.


Message History

The hobgoblin hits you with a +0 war axe. x2
You closely miss the hobgoblin.
The hobgoblin is lightly wounded.
You block the hobgoblin's attack.
You hit the hobgoblin.
The hobgoblin is severely wounded.
The hobgoblin hits you with a +0 war axe!
The hobgoblin hits you but does no damage.
You slash the hobgoblin!
You kill the hobgoblin!
No target in view!
No target in view!
No target in view!
No target in view!
No target in view!
You now have 127 gold pieces (gained 19).
Things that are here:
a +0 war axe; a hobgoblin corpse
e - 4 scrolls labelled JEULON YQIOFU MUBA (gained 1)
An ogre comes into view. It is wielding a +0 giant club.
The ogre shouts!
An ogre is nearby!
An ogre is nearby!
An ogre is nearby!
Found a stone staircase leading down.
You hit the ogre.
The ogre is lightly wounded.
The ogre hits you with a +0 giant club!
You slash the ogre!
The ogre is heavily wounded.
You block the ogre's attack.
You barely miss the ogre.
The ogre is heavily wounded.
The ogre hits you with a +0 giant club!!
Ouch! That really hurt!
* * * LOW HITPOINT WARNING * * *
You slash the ogre!
The ogre is almost dead.
You block the ogre's attack. The ogre hits you with a +0 giant club!
You die...

#.# ∆ #... #.#
#... #.# #######
#... #.# ......#
#<.. #.# ..>...#
#... #.# ......#
##.. #.# ......#
##.
#####.####......#
....
#........@O.....#
.###
#................
.
#......^........#
#..)......##.####
#.........# .#
#.........# #
#.........#
#.........#
#######.###


You could see an ogre.

Vanquished Creatures
  2 adders
  2 worms (D:2)
  2 dart slugs
  An orc (D:2)
  A ball python (D:2)
  An endoplasm (D:1)
  3 giant cockroaches
  6 goblins
  8 hobgoblins
  6 jackals (D:1)
  5 quokkas
  2 frilled lizards (D:2)
  3 kobolds
  4 rats
46 creatures vanquished.

Notes
Turn   | Place    | Note
-------+----------+-------------------------------------------
     0 | D:1      | hatdisgam the Gnoll Fighter began the quest for the Orb.
     0 | D:1      | Reached XP level 1. HP: 23/23 MP: 1/1
   247 | D:1      | Reached XP level 2. HP: 28/29 MP: 2/2
   796 | D:1      | Reached XP level 3. HP: 31/35 MP: 3/3
  1012 | D:2      | Found a faded altar of an unknown god.
  1097 | D:2      | Reached skill level 1 in Invocations
  1207 | D:2      | Reached skill level 1 in Short Blades
  1207 | D:2      | Reached skill level 1 in Long Blades
  1207 | D:2      | Reached skill level 1 in Maces & Flails
  1207 | D:2      | Reached skill level 1 in Polearms
  1207 | D:2      | Reached skill level 1 in Staves
  1207 | D:2      | Reached skill level 1 in Slings
  1207 | D:2      | Reached skill level 1 in Bows
  1207 | D:2      | Reached skill level 1 in Crossbows
  1207 | D:2      | Reached skill level 1 in Throwing
  1207 | D:2      | Reached skill level 1 in Dodging
  1207 | D:2      | Reached skill level 1 in Stealth
  1207 | D:2      | Reached skill level 1 in Unarmed Combat
  1207 | D:2      | Reached skill level 1 in Spellcasting
  1207 | D:2      | Reached skill level 1 in Evocations
  1403 | D:2      | Reached XP level 4. HP: 41/41 MP: 5/5
  1915 | D:3      | Noticed an ogre
  1923 | D:3      | Slain by an ogre

Illustrated notes

Levels and vault maps discovered:
D:1:      dpeg_arrival_morbid_curiosity, layout_basic
D:2:      minmay_alternating_diamond, layout_rooms,
          shapermc_ecumenical_altar_hornbeckon, minmay_misc_feat_secret_circle,
          minmay_tree_intersection, kennysheep_potato
D:3:      layout_rooms, grunt_decor_cap

Skill      XL: |  1  2  3 |
---------------+----------+-----
Invocations    | 1 |  1.2
Short Blades   | 1 |  1.1
Long Blades    | 1 |  1.1
Maces & Flails | 1 |  1.1
Polearms       | 1 |  1.1
Staves         | 1 |  1.1
Slings         | 1 |  1.1
Bows           | 1 |  1.1
Crossbows      | 1 |  1.1
Throwing       | 1 |  1.1
Dodging        | 1 |  1.1
Stealth        | 1 |  1.1
Unarmed Combat | 1 |  1.1
Spellcasting   | 1 |  1.1
Evocations     | 1 |  1.1
Fighting       | |  6.6
Axes           | |  4.6
Armour         | |  6.6
Shields        | |  6.6
Conjurations   | |  0.9
Hexes          | |  0.9
Summonings     | |  0.9
Necromancy     | |  0.9
Translocations | |  0.9
Transmutations | |  0.9
Fire Magic     | |  0.9
Ice Magic      | |  0.9
Air Magic      | |  0.9
Earth Magic    | |  0.9
Poison Magic   | |  0.9

Action                   |  1- 3 |  4- 6 || total
-------------------------+-------+-------++-------
Melee: War axe           |    85 |    37 ||   122
       Bite              |     7 |     2 ||     9
Armor: Scale mail        |    54 |     8 ||    62
Dodge: Dodged            |    23 |    10 ||    33
Block: Kite shield       |    48 |    20 ||    68

Table legend: (Time is in decaauts)
 A = Elapsed time spent in this place.
 B = Non-inter-level travel time spent in this place.
 C = Inter-level travel time spent in this place.
 D = Time resting spent in this place.
 E = Time spent auto-exploring this place.
 F = Levels seen in this place.
 G = Mean time per level.
                   A        B        C        D        E       F      G
               +--------+--------+--------+--------+--------+-----+--------+
         Total |   1976 |   1888 |     88 |      0 |   1570 |   3 |  658.7 |
       Dungeon |   1976 |   1888 |     88 |      0 |   1570 |   3 |  658.7 |
               +--------+--------+--------+--------+--------+-----+--------+

Top non-repeatable levels by time:
     D:1: 913 daAuts
     D:2: 823 daAuts
     D:3: 239 daAuts
